AoeStats
← [STT]Kratos_

Arabia

509229205Analyzed
2v2 RM · 6d ago on Sep 26, 2026· 36m 6s· 4 players
Game mode
Random Map
Map size
Medium (4 player)
Population
200
Speed
Normal
Resources
Standard
Victory
Conquest
Starting age
Dark Age
Ending age
Imperial Age
RankedLock teamsTeams togetherTeam positionsShared explorationLock speedFull tech treeHidden civsTurbo modeCheats
Victory
Defeat
🇦🇷 Burgundians · Argentina
1226
+14
🇪🇸 Vietnamese · Spain
1199
+15
🇨🇴 Maya · Colombia
1234
-16
🇨🇴 Ethiopians · Colombia
1138
-13
[STT]Kratos_
8:14 Loom
10:30 Feudal Age
11:11 Double-Bit Axe
13:16 Fletching
17:03 Padded Archer Armor
24:43 Castle Age
24:59 Crossbowman
25:46 Thumb Ring
26:42 Forging
33:10 Gold Mining
33:08 Elite Skirmisher
34:31 Bodkin Arrow
[STT]STT2 Arandia
3:30 Loom
10:00 Feudal Age
10:30 Double-Bit Axe
11:57 Gold Mining
17:09 Horse Collar
17:48 Scale Mail Armor
19:38 Wheelbarrow
22:04 Castle Age
22:07 Arson
22:45 Eagle Warrior
23:18 Pikeman
25:08 Chain Mail Armor
26:33 Heavy Plow
26:49 Bow Saw
27:34 Squires
Pol
5:55 Loom
8:58 Feudal Age
9:34 Double-Bit Axe
9:32 Horse Collar
9:45 Horse Collar
12:51 Fletching
16:52 Padded Archer Armor
20:03 Wheelbarrow
22:17 Castle Age
22:57 Bodkin Arrow
22:25 Crossbowman
23:57 Crossbowman
27:40 Bow Saw
29:57 Ballistics
30:21 Leather Archer Armor
33:01 Heavy Plow
37:22 Imperial Age
YuYu
8:04 Loom
10:37 Feudal Age
11:46 Double-Bit Axe
16:35 Horse Collar
19:16 Castle Age
17:18 Heavy Plow
17:34 Bow Saw
17:33 Heavy Plow
18:11 Forging
18:40 Scale Barding Armor
19:29 Cavalier
22:01 Wheelbarrow
22:58 Chain Barding Armor
22:45 Husbandry
24:20 Gold Mining
25:40 Gold Shaft Mining
26:24 Man-at-Arms
27:33 Hand Cart
29:36 Iron Casting
29:33 Squires
30:33 Scale Mail Armor
30:44 Stone Mining
32:34 Arson
33:29 Crop Rotation
34:03 Two-Man Saw
33:50 Stone Shaft Mining
33:37 Chain Mail Armor
33:59 Light Cavalry
Connection lost

Rejoining the realm…

Still unreachable

The connection could not be restored.

Session expired

The server has moved on; the page needs a fresh start.